 Dungeon Crawl Stone Soup version 0.31.0-32-g396128a36d (webtiles) character file.

Game seed: 1850130780700808368

91 GiantSquids the Chopper (level 4, -2/61 HPs)
             Began as a Hill Orc Berserker on Apr 19, 2024.
             Was a Believer of Trog.
             Slain by an iguana (6 damage)
             ... on level 3 of the Dungeon.
             The game lasted 00:03:59 (2237 turns).

GiantSquids the Chopper (Hill Orc Berserker)        Turns: 2237, Time: 00:04:00

Health: -2/61      AC:  9    Str: 21    XL:     4   Next: 57%
Magic:  4/4        EV: 11    Int:  7    God:    Trog [**....]
Gold:   148        SH:  0    Dex: 10    Spells: 3/3 levels left

rFire   . . .        c - +1 whip (elec)
rCold   . . .        (no shield)
rNeg    . . .        d - +0 ring mail
rPois   .            (no helmet)
rElec   .            m - +0 cloak
rCorr   .            (no gloves)
SInv    .            n - +2 pair of boots
Will    .....        f - amulet of faith Stlth
                     (no ring)
HPRegen 0.30/turn    (no ring)
MPRegen 0.09/turn

%: faith
@: berserking, very quick
A: no striking features
a: Renounce Religion, Berserk, Trog's Hand


You were on level 3 of the Dungeon.
You worshipped Trog.
Trog was pleased with you.
You visited 1 branch of the dungeon, and saw 3 of its levels.

You collected 148 gold pieces.

Inventory:

Hand Weapons
 c - a +1 whip of electrocution (weapon)
Armour
 d - a +0 ring mail (worn)
 m - a +0 cloak (worn)
 n - a +2 pair of boots (worn)
Jewellery
 f - an amulet of faith (around neck)
Scrolls
 a - a scroll of revelation {unknown}
 i - a scroll of amnesia {unknown}
 j - a scroll of fear {unknown}
 k - 4 scrolls of identify {unknown}
 l - 3 scrolls of immolation {unknown}
Potions
 b - a potion of haste {unknown}
 e - a potion of heal wounds {unknown}
 g - 2 potions of mutation {unknown}
 h - a potion of curing {unknown}
 o - a potion of degeneration {unknown}


   Skills:
 + Level 4.4 Fighting
 * Level 5.7 Axes
 + Level 3.1 Armour
 - Level 1.5 Dodging


You had 3 spell levels left.
You didn't know any spells.
Your spell library was empty.

Dungeon Overview and Level Annotations

Branches:
Dungeon (3/15)

Altars:
Trog

Annotations:
D:2 1 runed translucent door, Crazy Yiuf


Message History

The iguana is severely wounded.
The iguana bites you!
You hit the iguana but do no damage.
The iguana is severely wounded.
The iguana bites you!
You are too injured to fight recklessly!
You are too injured to fight recklessly!
You are too injured to fight recklessly!
You hit the iguana.
The iguana is severely wounded.
The iguana bites you but does no damage.
You closely miss the iguana.
The iguana is severely wounded.
The iguana bites you!
* * * LOW HITPOINT WARNING * * *
You closely miss the iguana.
The iguana is severely wounded.
The iguana bites you but does no damage.
You completely miss the iguana.
The iguana is severely wounded.
The iguana closely misses you.
You barely miss the iguana.
The iguana is severely wounded.
The iguana bites you!
* * * LOW HITPOINT WARNING * * *
You barely miss the iguana.
The iguana is severely wounded.
The iguana bites you.
* * * LOW HITPOINT WARNING * * *
A red film seems to cover your vision as you go berserk!
You feel yourself moving faster!
You feel mighty! The iguana barely misses you.
You closely miss the iguana.
The iguana is severely wounded.
You closely miss the iguana.
The iguana is severely wounded.
The iguana bites you but does no damage.
You barely miss the iguana.
The iguana is severely wounded.
The iguana bites you.
You die...

.........###........##########
.........# #..........
.......### #........####
.##....### #............
(......#.>.#............
.##.....................
####.###...#..........?.
###............)........
#...####...#####@.......
............#....l......
.####.......#.##........
P#..#..####.. .....####
.#.)#..'))#. ....#..
.#'##..#(.# #......#...
.#.)#..####........# ...
.#.)'..........#...# ..
#####..PP......


You could see an iguana.

Vanquished Creatures
  3 adders
  3 dart slugs
  3 orcs (D:3)
  4 ball pythons
  3 bats (D:2)
  4 endoplasms
  4 giant cockroaches
  6 hobgoblins
  2 quokkas
  3 frilled lizards
  8 goblins
  3 kobolds
  5 rats
51 creatures vanquished.

Notes
Turn   | Place    | Note
-------+----------+-------------------------------------------
     0 | D:1      | GiantSquids the Hill Orc Berserker began the quest for the
                  | Orb.
     0 | D:1      | Reached XP level 1. HP: 19/19 MP: 1/1
   178 | D:1      | Reached XP level 2. HP: 18/27 MP: 2/2
   475 | D:1      | Found a faded altar of an unknown god.
  1093 | D:2      | Reached XP level 3. HP: 23/33 MP: 3/3
  1157 | D:2      | Reached skill level 5 in Axes
  1178 | D:2      | Reached ** piety under Trog
  1191 | D:2      | Found a bloodstained altar of Trog.
  1195 | D:2      | Identified the +0 cloak of Ethorypt {Harm +Blink Str-4
                  | Int+6}
  1375 | D:2      | Found a runed translucent door.
  1376 | D:2      | Noticed Crazy Yiuf
  1685 | D:3      | Reached XP level 4. HP: 24/40 MP: 4/4
  1863 | D:3      | Identified the +0 robe of Lust {rC+}
  2233 | D:3      | HP: 2/41 [iguana (3)]
  2237 | D:3      | Slain by an iguana

Illustrated notes

Levels and vault maps discovered:
D:1:      dpeg_arrival_morbid_curiosity, layout_basic,
          shapermc_ecumenical_altar_mp_vishouse, chequers_hall_statues_corner_a
D:2:      layout_rooms, basic_altar, nicolae_houndstooth_variations,
          uniq_crazy_yiuf_cottage
D:3:      corexii_shack_village, layout_basic

Skill      XL: |  1  2  3 |
---------------+----------+-----
Fighting       | 4 |  4.4
Axes           | 5 |  5.7
Armour         | 3 |  3.1
Dodging        | |  1.5

Action                     |  1- 3 |  4- 6 || total
---------------------------+-------+-------++-------
  Melee: Hand axe          |    24 |       ||    24
         Whip              |    94 |    52 ||   146
 Invoke: Berserk           |       |     1 ||     1
 Armour: Animal skin       |    14 |       ||    14
         Ring mail         |    56 |    30 ||    86
  Dodge: Dodged            |    93 |    21 ||   114
